Unix NetHack Version 5.0.0-0 post-release - last build Jun 10 2026 00:39:30 (3ee93aec679c4c4259841fe613dc97188e26a321,branch:main).

Game began 2026-06-30 20:45:03, ended 2026-07-01 21:06:15.

IanCurtis, chaotic male elven Wizard

                       ---------------------------------
                       |...............................|
                       |...------......---------------.|
                       |...|.(=(|......|.!!(|   |/?%.|.|
                       |...-.(.(|......|.(.(|   |?!?.-[|      ---------
                       |...|.?((|......-.(((|   |%++.|.|      |.......|
                       |...|---------..--------+------.|  ####........|
                       |...|.%%|....|....{.... ........-  ##  |..^.>..|
                       |...|.%%|._..|.......-  -.......|   #  ---.-----
                       |...|!%%|...%|.......|  |.......|####     ########
                       |...|...|....|{......|  |.......|#               ##
                       |...-)------|-.......--+-.......|#                #
                       |...........)...................|#                ####
                       |...-----|-..----..........----..#            -- ----.-
                       |...-..|..|..|  |..........|  |.|             |.....Y@|
                       ....|..|..|..|  +..........|  -.|             |.......|
        .              --------------  ------------ ----             |.......|
       -                                                             ---------

IanCurtis the Thaumaturge  St:15 Dx:16 Co:16 In:20 Wi:14 Ch:11  Chaotic
Dlvl:7  $:0  HP:0(38) Pw:83(90) AC:8  Xp:7 T:7260 

Latest messages:
 You have a little trouble lifting f - a giant spider corpse.
 Your movements are slowed slightly because of your load.
 What do you want to drop? [$a-gm-or-wzA-CE-GIMO-Z or ?*] f
 You drop a giant spider corpse.
 Your movements are now unencumbered.
 In what direction? <space>
 In what direction? j
 The door resists!
 In what direction? j
 The door closes.
 The manes opens a door.
 You stop searching.
 You hit the manes.
 You hit the manes.
 The magic-absorbing blade probes the manes!
 The probe is insightful.
 Status of the manes (chaotic, small):  Level 1  HP 1(3)  AC 7.
 The manes is not carrying anything.
 You destroy the manes!
 You see here a dart.
 In what direction? h
 The spell hits the manes!
 You destroy the manes!
 The gnome hits!
 You kill the gnome!
 You see here a dart.
 You hear someone cursing shoplifters.
 The leprechaun hits!
 Your purse feels lighter.
 The leprechaun vanishes!
 This door is locked.
 What do you want to use or apply? [b-dnouvzA-CE-GSUW or ?*] b
 You put 436 gold pieces into the bag.
 You step onto a level teleport trap!
 You feel a wrenching sensation.
 Please move the cursor to a monster, object or location.
 (For instructions type a '?')
 In what direction? h
 The spell misses the owlbear.
 In what direction? h
 The spell hits the owlbear!
 You miss the owlbear.
 The owlbear hits!
 The owlbear hits again!
 You hit the owlbear.
 The owlbear hits!
 The owlbear hits again!
 The owlbear grabs you!
 You die...
 Do you want your possessions identified? [ynq] (y) q

Inventory:
 Weapons  (')')
  s - 2 +0 daggers
  a - the rustproof +0 Magicbane (weapon in right hand)
  g - the +1 Sting
  T - a blessed +1 quarterstaff
  m - a +0 silver saber
 Armor    ('[')
  Z - an uncursed +0 pair of low boots (being worn)
  Y - an uncursed +0 cloak of magic resistance (being worn)
 Comestibles  ('%')
  X - an uncursed slime mold
  R - 7 uncursed food rations
  M - an uncursed lembas wafer
  Q - an uncursed tin of boiled homunculus meat
  r - a cursed tin of spinach
 Scrolls  ('?')
  V - an uncursed scroll of scare monster
 Spellbooks  ('+')
  v - an uncursed spellbook of restore ability
 Rings    ('=')
  I - an uncursed ring of invisibility
  w - a cursed ring of polymorph named cursed
  t - an uncursed ring of polymorph control
  P - an uncursed ring of slow digestion (on right hand)
  e - an uncursed ring of teleportation
  O - a cursed ring of teleportation
 Wands    ('/')
  B - a wand of create monster (0:10)
  c - a wand of death (0:3)
  U - a wand of digging (0:4)
  z - a wand of make invisible (0:8)
  C - a wand of probing (0:6)
  u - a wand of slow monster (0:4)
  A - a wand of stasis (0:6)
  G - a wand of stasis (0:5)
 Tools    ('(')
  b - an uncursed bag of holding containing 15 items
  o - an uncursed bugle
  F - an uncursed magic lamp named magic
  W - an uncursed magic lamp named magic
  n - a magic marker (0:20)
  S - an uncursed oil lamp
  d - a +0 pick-axe
  E - an uncursed partly used tallow candle

Contents of the bag of holding:
  436 gold pieces
  7 uncursed scrolls of blank paper
  a cursed scroll of blank paper
  a cursed scroll of enchant armor
  2 blessed scrolls of identify
  an uncursed scroll of identify
  an uncursed scroll of magic mapping
  a cursed scroll of magic mapping
  a cursed scroll of teleportation
  an uncursed spellbook of detect monsters
  2 uncursed potions of water
  2 uncursed potions of enlightenment
  an uncursed potion of gain level
  an uncursed potion of object detection
  an uncursed potion of restore ability

IanCurtis the Wizard's attributes:

Background:
 You were a Thaumaturge, a level 7 male elven Wizard.
 You were chaotic, on a mission for Anhur
 who was opposed by Ptah (lawful) and Thoth (neutral).
 You were right-handed.
 You were in the Gnomish Mines, on level 7.
 You entered the dungeon 7260 turns ago.
 There was a full moon in effect when your adventure ended.
 You had 1189 experience points, 91 more were needed to attain level 8.

Basics:
 You had 0 out of 38 hit points.
 You had 83 out of 90 energy points (spell power).
 Your armor class was 8.
 Your wallet was empty, but
 you had 436 zorkmids stashed away in your pack.
 Autopickup was off.

Final Characteristics:
 Your strength was 15 (limit:18).
 Your dexterity was 16 (limit:18).
 Your constitution was 16 (limit:16).
 Your intelligence was 20 (limit:20).
 Your wisdom was 14 (limit:20).
 Your charisma was 11 (limit:18).

Final Status:
 You were held by an owlbear (west).
 You weren't hungry.
 You were unencumbered.
 You were wielding a dagger.
 You were unskilled in dagger and could have enhanced that.

Final Attributes:
 You were piously aligned.
 You were magic-protected.
 You were sleep resistant.
 You were telepathic.
 You had infravision.
 You had slower digestion.
 You were warded.
 You were lucky.
 You are dead.

Miscellaneous:
 You didn't encounter any bones levels.
 Total elapsed playing time was 1 hour, 26 minutes and 39 seconds.

Major events:
 Turn
    1: IanCurtis the chaotic male elven Wizard entered the dungeon
 1044: entered the Gnomish Mines
 1056: attained the rank of Conjurer (level 3)
 3178: attained the rank of Thaumaturge (level 6)
 5927: was bestowed with Magicbane by Anhur
 6438: chose an elven dagger to be named "Sting"
 6719: reached Mine Town
 7260: killed by an owlbear

Spells:
 Name                 Level Category     Fail Retention
 force bolt             1   attack         0%   61%-65%
 light                  1   divination     0%   51%-75%
 detect monsters        1   divination     0%   51%-75%

Skills:
 Fighting Skills
   bare handed combat [Unskilled]
   riding             [Unskilled]
 Weapon Skills
   dagger             [Unskilled]
   knife              [Unskilled]
   axe                [Unskilled]
   short sword        [Unskilled]
   club               [Unskilled]
   mace               [Unskilled]
   quarterstaff       [Basic]
   polearms           [Unskilled]
   spear              [Unskilled]
   trident            [Unskilled]
   sling              [Unskilled]
   dart               [Unskilled]
   shuriken           [Unskilled]
 Spellcasting Skills
   attack spells      [Skilled]
   healing spells     [Unskilled]
   divination spells  [Unskilled]
   enchantment spells [Basic]
   clerical spells    [Unskilled]
   escape spells      [Unskilled]
   matter spells      [Unskilled]

Voluntary challenges:
 Character rerolling was not enabled.
 You never genocided any monsters.
 You never polymorphed an object.
 You never changed form.
 You used no wishes.
Achievements:
 You entered a shop.
 You entered the Gnomish Mines.
 You attained the rank of Conjurer.
 You attained the rank of Thaumaturge.
 You entered Minetown.
 You entered a temple.

 The Dungeons of Doom: levels 1 to 9
    Level 1:
       Some fountains.
    Level 2:
       A wand shop.
    Level 3:
       Stairs down to The Gnomish Mines.
    Level 4: "spellbooks by altar"
       An altar to Anhur.
    Level 5:
    Level 6:
    Level 7: "vault"
       A fountain, a grave.
    Level 8:
       A fountain.
    Level 9: "Oracle"
 The Gnomish Mines: levels 4 to 7
    Level 4:
    Level 5:
    Level 6:
    Level 7: <- You were here.
       Many shops, a temple and an altar, some fountains.
       Final resting place for
          you, killed by an owlbear.


Vanquished creatures:
  a leprechaun
  a giant spider
  a dwarf mummy
  a dingo
  a blue jelly
  4 apes
  a human zombie
  a mountain nymph
  a rock piercer
  2 rock moles
  2 ponies
  2 yellow lights
  3 gnome leaders
  4 gnomish wizards
  a kobold mummy
  a gray ooze
 an elf zombie
  a straw golem
  a paper golem
  3 giant ants
  2 little dogs
  6 floating eyes
  5 dwarves
  a homunculus
  a kobold leader
  2 hill orcs
  a rabid rat
  a centipede
  3 giant bats
  2 orc zombies
  7 dwarf zombies
  5 iguanas
 an acid blob
  6 coyotes
  a hobbit
  2 manes
  4 giant rats
  2 cave spiders
  a brown mold
  2 yellow molds
 16 gnomes
  2 garter snakes
  3 geckos
  2 jackals
  2 foxes
  a kobold
  3 sewer rats
 18 grid bugs
  3 bats
  5 lichens
  8 newts
151 creatures vanquished.

No species were genocided or became extinct.

Game over:
                       ----------
                      /          \
                     /    REST    \
                    /      IN      \
                   /     PEACE      \
                  /                  \
                  |    IanCurtis     |
                  |      436 Au      |
                  |   killed by an   |
                  |     owlbear      |
                  |                  |
                  |                  |
                  |       2026       |
                 *|     *  *  *      | *
        _________)/\\_//(\/(/\)/\//\/|_)_______

Goodbye IanCurtis the Wizard...

You died in The Gnomish Mines on dungeon level 7 with 5549 points,
and 436 pieces of gold, after 7260 moves.
You were level 7 with a maximum of 38 hit points when you died.

